 Dungeon Crawl Stone Soup version 0.31.0-32-g396128a36d (webtiles) character file.

Game seed: 8017299484688936808

44 PaiMei the Grave Robber (level 3, -3/26 HPs)
             Began as a Demonspawn Necromancer on Mar 29, 2024.
             Slain by a gnoll
             ... wielding a +0 club
              (5 damage)
             ... on level 3 of the Dungeon.
             The game lasted 00:02:03 (2091 turns).

PaiMei the Grave Robber (Demonspawn Necromancer)    Turns: 2091, Time: 00:02:03

Health: -3/26      AC:  5    Str:  8    XL:     3   Next: 41%
Magic:  3/6        EV:  6    Int: 17    God:
Gold:   84         SH:  0    Dex: 13    Spells: 2/6 levels left

rFire   . . .        l - +1 hand axe (venom)
rCold   . . .        (no shield)
rNeg    . . .        a - +0 robe
rPois   .            (no helmet)
rElec   .            i - +0 cloak
rCorr   .            (no gloves)
SInv    .            (no boots)
Will    .....        (no amulet)
Stlth   ++           (no ring)
HPRegen 0.24/turn    (no ring)
MPRegen 0.10/turn

%: no passive effects
@: held
A: icy blue scales 1
a: no special abilities


You were on level 3 of the Dungeon.
You visited 1 branch of the dungeon, and saw 3 of its levels.

You collected 84 gold pieces.

Inventory:

Hand Weapons
 e - a +0 dagger
 l - a +1 hand axe of venom (weapon)
Missiles
 g - 6 poisoned darts (quivered)
Armour
 a - a +0 robe (worn)
 d - a +0 kite shield
 i - a +0 cloak (worn)
Scrolls
 f - a scroll of enchant armour {unknown}
 h - 2 scrolls of identify {unknown}
 j - a scroll of fog {unknown}
 k - a scroll of teleportation {unknown}
Potions
 b - a potion of magic
 c - 2 potions of curing {unknown}


   Skills:
 + Level 1.1 Fighting
 + Level 2.2 Dodging
 - Level 2.0 Stealth
 + Level 2.4 Spellcasting
 + Level 4.7 Necromancy


You had 2 spell levels left.
You knew the following spells:

 Your Spells              Type           Power      Damage    Failure   Level
a - Necrotise             Necr           72%        1d7       2%          1
b - Vampiric Draining     Necr           18%        2d7       8%          3

Your spell library contained the following spells:

 Spells                   Type           Power      Damage    Failure   Level
 Animate Dead             Necr           18%        N/A       26%         4
 Volatile Blastmotes      Fire/Tloc      4%         2d10      50%         3
 Curse of Agony           Necr           18%        N/A       58%         5
 Fulminant Prism          Conj/Alch      1%         3d5       88%         4
 Iskenderun's Mystic Bla  Conj/Tloc      2%         2d3       88%         4


Dungeon Overview and Level Annotations

Branches:
Dungeon (3/15)

Altars:


Innate Abilities, Weirdness & Mutations

You are partially covered in icy blue scales. (AC +2)


Message History

Casting: Necrotise (safe; 2% risk of failure)
Confirm with . or Enter, or press ? or * to list all spells.
Aiming: Necrotise (safe; 2% risk of failure)
Press: ? - help, Shift-Dir - straight line, f - rat
Aim: a rat (chance to affect: 88%)
The rat writhes in agony!
You kill the rat!
The gnoll shouts!
The dead are walking!
A gnoll comes into view. It is wielding a +0 spear.
The gnoll closely misses you. The gnoll hits you but does no damage.
The gnoll throws a throwing net.
The throwing net hits you.
You become entangled in the net!
You stop ascending the stairs.
The gnoll hits you with a +0 club.
Casting: Necrotise (safe; 2% risk of failure)
Confirm with . or Enter, or press ? or * to list all spells.
Aiming: Necrotise (safe; 2% risk of failure)
Press: ? - help, Shift-Dir - straight line, f - gnoll
Aim: a gnoll, wielding a +0 club (chance to affect: 83%)
The gnoll writhes in agony.
The gnoll barely misses you. The goblin hits you with a +0 dagger.
The gnoll hits you with a +0 whip. The gnoll hits you but does no damage.
The gnoll hits you with a +0 club.
Casting: Necrotise (safe; 2% risk of failure)
Confirm with . or Enter, or press ? or * to list all spells.
Aiming: Necrotise (safe; 2% risk of failure)
Press: ? - help, Shift-Dir - straight line, f/p - gnoll
Aim: a gnoll, wielding a +0 club (heavily wounded, chance to affect: 83%)
The gnoll writhes in agony.
Your rat skeleton bites the gnoll but does no damage.
The endoplasm barely misses you.
The gnoll hits you from afar with a +0 spear.
The goblin hits you but does no damage.
The gnoll hits you from afar with a +0 spear.
The gnoll hits you but does no damage. The gnoll closely misses you.
You tear a large gash into the net.
Your rat skeleton completely misses the gnoll.
The gnoll hits you from afar with a +0 spear.
* * * LOW HITPOINT WARNING * * *
The goblin completely misses you. The gnoll hits you with a +0 club.
You die...

[. #. .. #
.###### # .##.
..... .###
.....♣Zg.♣.....
#....gJgg...#
♣..g@...♣
..............#
./.$.♣...♣.....
.... ..... ###.
##. ....... #
.........
#..........
....####....


You could see 4 gnolls, an endoplasm, a goblin and a friendly rat skeleton.

Vanquished Creatures
  An adder (D:2)
  2 ball pythons
  5 endoplasms
  2 giant cockroaches
  5 goblins (D:1)
  7 hobgoblins
  2 bats (D:1)
  2 kobolds (D:2)
  2 rats
28 creatures vanquished.

Vanquished Creatures (collateral kills)
  2 endoplasms
2 creatures vanquished.

Grand Total: 30 creatures vanquished

Notes
Turn   | Place    | Note
-------+----------+-------------------------------------------
     0 | D:1      | PaiMei the Demonspawn Necromancer began the quest for the
                  | Orb.
     0 | D:1      | Reached XP level 1. HP: 13/13 MP: 3/3
   576 | D:1      | Gained mutation: You are partially covered in icy blue
                  | scales. (AC +2) [demonic ancestry]
   576 | D:1      | Reached XP level 2. HP: 19/19 MP: 3/5
  1462 | D:2      | Reached XP level 3. HP: 25/25 MP: 3/6
  1466 | D:2      | Learned a level 3 spell: Vampiric Draining
  1495 | D:2      | Reached skill level 1 in Fighting
  2091 | D:3      | Slain by a gnoll

Illustrated notes

Levels and vault maps discovered:
D:1:      ncdulo_wetmaze, layout_loops_corners
D:2:      layout_basic
D:3:      layout_rooms, grunt_ministairs_2, interstate_on_off

Skill      XL: |  1  2  3 |
---------------+----------+-----
Dodging        | 2 |  2.2
Stealth        | 2 |  2.0
Fighting       | 1 |  1.1
Spellcasting   | |  2.4
Necromancy     | |  4.7

Action                     || total
---------------------------++-------
  Melee: Unarmed           ||     7
         Dagger            ||     2
         Hand axe          ||     1
   Cast: Necrotise         ||    57
 Armour: Robe              ||    23
  Dodge: Dodged            ||     9
